 Dungeon Crawl Stone Soup version 0.29-a0-330-g52719c12eb (webtiles) character file.

Game seed: 4999624010041623787

64 kae the Firebug (level 4, -1/27 HPs)
             Began as an Octopode Fire Elementalist on Apr 18, 2022.
             Slain by a gnoll
             ... wielding a +0 whip
              (7 damage)
             ... on level 3 of the Dungeon.
             The game lasted 00:00:34 (1379 turns).

kae the Firebug (Octopode Fire Elementalist)        Turns: 1379, Time: 00:00:35

Health: -1/27      AC:  1    Str:  7    XL:     4   Next: 12%
Magic:  3/7        EV: 13    Int: 19    God:
Gold:   63         SH:  5    Dex: 12    Spells: 6/7 levels left

rFire   + . .      SeeInvis .   n - +1 short sword (holy)
rCold   . . .      Faith    .   (no shield)
rNeg    + . .      Spirit   .   (helmet restricted)
rPois   .          Reflect  +   i - amulet of reflection
rElec   .          Harm     .   f - ring of protection from fire
rCorr   .          Rampage  .   j - ring of positive energy
Will    .....                   (no ring)
Stlth   +++.......              (no ring)
HPRegen 0.09/turn               (no ring)
MPRegen 0.10/turn               (no ring)
                                (no ring)
                                (no ring)

@: no status effects
A: almost no armour, amphibious, 8 rings, camouflage 1, gelatinous body 1,
(nimble swimmer 1), tentacles
a: no special abilities


You were on level 3 of the Dungeon.
You visited 1 branch of the dungeon, and saw 3 of its levels.

You collected 63 gold pieces.

Inventory:

Hand Weapons
 g - a +0 spear
 n - a +1 short sword of holy wrath (weapon)
Jewellery
 f - a ring of protection from fire (left tentacle)
 i - an amulet of reflection (around mantle)
 j - a ring of positive energy (right tentacle)
Scrolls
 b - 2 scrolls of identify {unknown}
 l - a scroll of magic mapping {unknown}
 m - a scroll of torment {unknown}
 p - a scroll of enchant armour {unknown}
Potions
 a - a potion of magic
 c - a potion of brilliance {unknown}
 d - a potion of might {unknown}
 e - a potion of ambrosia {unknown}
 h - a potion of cancellation {unknown}
 k - a potion of degeneration {unknown}
 o - 2 potions of flight {unknown}


   Skills:
 + Level 0.9 Fighting
 + Level 2.5 Dodging
 + Level 3.2 Stealth
 + Level 2.3 Spellcasting
 + Level 1.5 Conjurations
 * Level 3.6 Fire Magic


You had 6 spell levels left.
You knew the following spells:

 Your Spells              Type           Power      Damage    Failure   Level
a - Foxfire               Conj/Fire      48%        2x1d6     5%          1

Your spell library contained the following spells:

 Spells                   Type           Power      Damage    Failure   Level
 Scorch                   Fire           32%        2d7       5%          2
 Conjure Flame            Conj/Fire      12%        6-21      17%         3
 Inner Flame              Hex/Fire       9%         N/A       22%         3
 Ensorcelled Hibernation  Hex/Ice        4%         N/A       24%         2
 Wereblood                Tmut           2%         N/A       24%         2
 Frozen Ramparts          Ice            4%         1d2       43%         3
 Flame Wave               Conj/Fire      12%        2d6       50%         4
 Ice Form                 Ice/Tmut       2%         N/A       85%         4
 Petrify                  Tmut/Erth      2%         N/A       85%         4
 Summon Ice Beast         Ice/Summ       2%         N/A       85%         4
 Silence                  Hex/Air        1%         N/A       99%         5
 Eringya's Noxious Bog    Tmut/Pois      1%         N/A       100%        6
 Haunt                    Necr/Summ      1%         N/A       100%        7


Dungeon Overview and Level Annotations

Branches:
Dungeon (3/15)

Altars:


Innate Abilities, Weirdness & Mutations

You cannot wear most types of armour.
You are amphibious.
You can wear up to eight rings at the same time.
Your skin changes colour to match your surroundings (Stealth+).
Your rubbery body absorbs attacks. (AC +1, EV +1)
((You are camouflaged when in or above water. (Stealth+)))
You have tentacles for arms and can constrict up to eight enemies at once.


Message History

You hit the gnoll. You squeeze the gnoll!
You kill the gnoll!
You block the gnoll's attack. The gnoll misses you.
You have reached level 4!
Unknown command.
The gnoll attacks as you move away! The gnoll closely misses you.
The gnoll closely misses you.
There is a stone staircase leading down here.
The gnoll misses you.
The gnoll hits you from afar with a +0 halberd!
You climb downwards.
You hear the sound of rushing water.
There is an entrance to a sewer on this level.
Hurry and find it before the portal rusts away!
There is a stone staircase leading up here.
Casting: Foxfire (safe; 5% risk of failure)
Confirm with . or Enter, or press ? or * to list all spells.
You don't know that spell.
Casting: Foxfire (safe; 5% risk of failure)
Confirm with . or Enter, or press ? or * to list all spells.
You conjure some foxfire!
The gnoll closely misses you.
The foxfire hits the gnoll.
The gnoll is moderately wounded.
The gnoll hits you with a +0 whip.
Casting: Foxfire (safe; 5% risk of failure)
Confirm with . or Enter, or press ? or * to list all spells.
You conjure some foxfire!
You block the gnoll's attack.
The foxfire hits the gnoll.
The gnoll is heavily wounded.
The gnoll hits you with a +0 whip.
Casting: Foxfire (safe; 5% risk of failure)
Confirm with . or Enter, or press ? or * to list all spells.
You conjure some foxfire!
The gnoll hits you with a +0 whip!
* * * LOW HITPOINT WARNING * * *
The foxfire hits the gnoll.
The gnoll is severely wounded.
The gnoll misses you.
Casting: Foxfire (safe; 5% risk of failure)
Confirm with . or Enter, or press ? or * to list all spells.
You conjure some foxfire!
The gnoll hits you with a +0 whip!
You die...

####
#g@#
#v##
...
≈§≈##
####


You could see a gnoll (ally target).

Vanquished Creatures
  A gnoll (D:2)
  3 adders (D:2)
  3 ball pythons
  3 bats (D:1)
  3 endoplasms (D:1)
  5 hobgoblins
  5 kobolds
  5 rats (D:1)
28 creatures vanquished.

Vanquished Creatures (others)
  34 foxfires
34 creatures vanquished.

Grand Total: 62 creatures vanquished

Notes
Turn   | Place    | Note
-------+----------+-------------------------------------------
     0 | D:1      | kae the Octopode Fire Elementalist began the quest for the
                  | Orb.
     0 | D:1      | Reached XP level 1. HP: 11/11 MP: 3/3
   315 | D:1      | Reached XP level 2. HP: 17/17 MP: 1/5
   360 | D:1      | Got the Guide on Mutagenic Beguiling
  1066 | D:1      | Found a faded altar of an unknown god.
  1149 | D:2      | Reached XP level 3. HP: 22/22 MP: 6/6
  1187 | D:2      | Got the Compendium of Shifting Companions
  1366 | D:2      | Reached XP level 4. HP: 27/27 MP: 7/7
  1379 | D:3      | Slain by a gnoll

Illustrated notes

Levels and vault maps discovered:
D:1:      nzn_arrival_water_spiral, layout_basic,
          dreamdust_ecumenical_altar_angels_and_demons
D:2:      layout_rooms, minivault_14
D:3:      layout_basic, zin_statuary, gammafunk_ghost_arena,
          gup_sewer_entry_spiral, amcnicky_mini_rare_corridor_liquid,
          kennysheep_generic_room_13, uniq_natasha

Skill      XL: |  1  2  3 |
---------------+----------+-----
Stealth        | 3 |  3.2
Fighting       | |  0.9
Dodging        | |  2.5
Spellcasting   | |  2.3
Conjurations   | |  1.5
Fire Magic     | |  3.6

Action                   |  1- 3 |  4- 6 || total
-------------------------+-------+-------++-------
Melee: Spear             |    41 |       ||    41
       Constrict         |    11 |       ||    11
       Tentacles         |    11 |       ||    11
       Unarmed           |     1 |       ||     1
       Short sword       |    10 |       ||    10
 Cast: Foxfire           |    18 |     4 ||    22
 Stab: Sleeping          |     7 |       ||     7
Armor: Skin              |     4 |       ||     4
Dodge: Dodged            |    21 |     5 ||    26
Block: Other             |     8 |     1 ||     9

Table legend: (Time is in decaauts)
 A = Elapsed time spent in this place.
 B = Non-inter-level travel time spent in this place.
 C = Inter-level travel time spent in this place.
 D = Time resting spent in this place.
 E = Time spent auto-exploring this place.
 F = Levels seen in this place.
 G = Mean time per level.
                   A        B        C        D        E       F      G
               +--------+--------+--------+--------+--------+-----+--------+
         Total |   1381 |   1347 |     34 |      0 |   1115 |   3 |  460.3 |
       Dungeon |   1381 |   1347 |     34 |      0 |   1115 |   3 |  460.3 |
               +--------+--------+--------+--------+--------+-----+--------+

Top non-repeatable levels by time:
     D:1: 1125 daAuts
     D:2: 249 daAuts
     D:3: 6 daAuts
